 Dungeon Crawl Stone Soup version 0.22-a0-605-g9281fa2 (webtiles) character file.

1702 Mamutox the Cudgeler (level 8, -11/80 HPs)
             Began as a Troll Berserker on July 7, 2018.
             Was a Priest of Trog.
             Killed from afar by a quokka (36 damage)
             ... with an exploding inner flame
             ... hexed by the player character
             ... on level 6 of the Dungeon on July 8, 2018.
             The game lasted 00:19:06 (4597 turns).

Mamutox the Cudgeler (Troll Berserker)              Turns: 4597, Time: 00:19:08

Health: -11/80     AC: 13    Str: 26    XL:     8   Next: 73%
Magic:  7/7        EV: 12    Int:  3    God:    Trog [***...]
Gold:   263        SH:  0    Dex: 14    Spells: 7/7 levels left

rFire    . . .     SeeInvis .   q - +1 flail (protect)
rCold    . . .     Gourm    +   (no shield)
rNeg     . . .     Faith    .   b - +1 animal skin
rPois    +         Spirit   .   (helmet restricted)
rElec    .         Reflect  .   (no cloak)
rCorr    .         Harm     .   (gloves unavailable)
MR       .....                  (boots unavailable)
Stlth    +.........             (no amulet)
HPRegen  0.63/turn              i - +3 ring of dexterity
MPRegen  0.10/turn              r - ring of poison resistance

@: about to teleport, protection aura, very slightly contaminated
A: large, unfitting armour, claws 3, fast metabolism 3, gourmand, regeneration
1, shaggy fur 1, tough skin 2
a: Berserk, Trog's Hand, Renounce Religion


You were on level 6 of the Dungeon.
You worshipped Trog.
Trog was most pleased with you.
You were very full.

You visited 1 branch of the dungeon, and saw 6 of its levels.

You collected 263 gold pieces.

Inventory:

Hand Weapons
 q - a +1 flail of protection (weapon)
Missiles
 k - 14 tomahawks (quivered)
 w - 5 curare-tipped needles
 y - 3 javelins
 z - 8 steel tomahawks
Armour
 b - a +1 animal skin (worn)
Jewellery
 i - a +3 ring of dexterity (left claw)
 r - a ring of poison resistance (right claw)
 E - an uncursed ring of protection from fire {unknown}
Wands
 D - a wand of random effects (21)
Scrolls
 f - a scroll of remove curse
 g - 6 scrolls of identify
 l - a scroll of enchant armour
 m - 2 scrolls of immolation
 x - a scroll of amnesia {unknown}
Potions
 a - 3 potions of mutation {unknown}
 d - a potion of brilliance {unknown}
 e - a potion of might {unknown}
 h - a potion of heal wounds
 j - 2 potions of agility {unknown}
 n - a potion of ambrosia {unknown}
 p - a potion of curing {unknown}
 t - a potion of invisibility {unknown}
 u - a potion of lignification
 A - a potion of resistance {unknown}
 C - a potion of berserk rage {unknown}
Comestibles
 c - 7 rations
 B - a chunk of flesh


   Skills:
 + Level 5.2 Fighting
 + Level 6.3 Maces & Flails
 + Level 4.1 Throwing
 + Level 5.2 Dodging
 - Level 0.2 Stealth


You had 7 spell levels left.
You didn't know any spells.
Your spell library was empty.

Dungeon Overview and Level Annotations

Branches:
Dungeon (6/15)
 Temple: D:4-7

Altars:
Cheibriados
Dithmenos
Gozag
Wu Jian


Innate Abilities, Weirdness & Mutations

You are too large for most types of armour.
You have claws for hands.
Your metabolism is lightning-fast.
You like to eat raw meat.
Your natural rate of healing is unusually fast.
You are covered in fur. (AC +1)
You have very tough skin. (AC +2)


Message History

The quokka bites you but does no damage.
As you read the scroll labeled ITWUDO XADIKE, it crumbles to dust.
You hear a loud clanging noise!
It was a scroll of noise.
The kobold demonologist closely misses you.
The quokka bites you but does no damage.
As you read the scroll labeled XYREALLIGE, it crumbles to dust.
You feel strangely unstable.
It was a scroll of teleportation.
The quokka bites you but does no damage.
The kobold demonologist hits you but does no damage.
Unknown command.
Your skin stops crawling.
You feel less resistant to hostile enchantments.
You sock the quokka!
Your weapon exudes an aura of protection.
The quokka explodes!
The fiery explosion engulfs the kobold demonologist.
The kobold demonologist is severely wounded.
The fiery explosion engulfs you!
You die...

#....##.#..#...#..#.##.##
#....÷..#..#..(#..#..'..#
#....##.#..#K..#..#.##..# #
#####.....###..#...#..###...#
.##...#.......####...####.....#
....>.#..........##'##....##.##
......#.............(........#
......#####'####§.(.......####
.............cK§@.........#
.............5§#§.........#
...........(..(#..........#
###...###......#..........#
###...###......#..........#
.#.....#...(...#..........#
.+.....#.......#.....######
.#.....#.......#.....#
.#.....#.......#.....#


You could see a kobold demonologist (inner flame), a centaur (inner flame) and a
crimson imp.

Vanquished Creatures
  Sigmund (D:2)
  Edmund (D:5)
  2 sky beasts (D:5)
  An ogre (D:6)
  2 phantoms
  An ice beast (D:5)
  2 centaurs (D:6)
  3 bullfrogs (D:6)
  A howler monkey (D:5)
  A crimson imp (D:5)
  A quasit (D:6)
  An orc priest (D:5)
  A hound (D:4)
  A centaur skeleton (D:6)
  A jelly (D:5)
  A bullfrog skeleton (D:3)
  Natasha (twice) (D:4)
  3 orc wizards
  A worker ant (D:6)
  A hound skeleton (D:6)
  2 adders
  A shadow imp (D:6)
  3 worms
  An adder skeleton (D:6)
  3 dart slugs
  3 leopard geckos
  22 orcs
  A ball python (D:3)
  12 bats
  4 giant cockroaches
  5 goblins
  9 hobgoblins
  4 jackals
  9 kobolds
  2 quokkas
  6 frilled lizards
  A giant cockroach zombie (D:6)
  A quokka skeleton (D:4)
  5 rats
122 creatures vanquished.

Notes
Turn   | Place    | Note
-------+----------+-------------------------------------------
     0 | D:1      | Mamutox the Troll Berserker began the quest for the Orb.
     0 | D:1      | Reached XP level 1. HP: 22/22 MP: 0/0
    74 | D:1      | Reached XP level 2. HP: 29/29 MP: 1/1
   180 | D:1      | Reached skill level 3 in Maces & Flails
   377 | D:1      | Reached XP level 3. HP: 33/36 MP: 2/2
   643 | D:2      | Reached ** piety under Trog
  1251 | D:2      | Noticed Sigmund
  1258 | D:2      | Killed Sigmund
  1258 | D:2      | Reached skill level 4 in Maces & Flails
  1258 | D:2      | Reached XP level 4. HP: 45/45 MP: 3/3
  1258 | D:2      | Reached XP level 5. HP: 53/53 MP: 4/4
  1845 | D:3      | Reached *** piety under Trog
  2007 | D:3      | Reached XP level 6. HP: 61/61 MP: 5/5
  2256 | D:4      | Found a shadowy altar of Dithmenos.
  2268 | D:4      | Reached skill level 1 in Throwing
  2340 | D:4      | Found a snail-covered altar of Cheibriados.
  2374 | D:4      | Found an opulent altar of Gozag.
  2812 | D:4      | Noticed Natasha
  2816 | D:4      | Killed Natasha
  2876 | D:4      | Noticed Natasha
  2886 | D:4      | Killed Natasha
  3100 | D:4      | Reached skill level 5 in Maces & Flails
  3412 | D:5      | Entered Level 5 of the Dungeon
  3421 | D:5      | Noticed a sky beast
  3433 | D:5      | Killed a sky beast
  3433 | D:5      | Reached XP level 7. HP: 57/68 MP: 6/6
  3808 | D:5      | Found an ornate altar of the Wu Jian Council.
  3920 | D:5      | Noticed Edmund
  3931 | D:5      | Killed Edmund
  3931 | D:5      | Reached XP level 8. HP: 79/79 MP: 7/7
  4057 | D:5      | Received a gift from Trog
  4233 | D:6      | Upgraded the game from 0.22-a0-603-gfc1114d to 0.22-a0-605-g9281fa2
  4327 | D:6      | Reached skill level 6 in Maces & Flails
  4445 | D:6      | Reached skill level 5 in Dodging
  4477 | D:6      | Reached skill level 5 in Fighting
  4555 | D:6      | Noticed a kobold demonologist
  4582 | D:6      | HP: 5/120 [centaur (3)]
  4583 | D:6      | HP: 1/120 [centaur/shortbow (6)]
  4597 | D:6      | Killed from afar by a quokka

Vault maps used:
D:1:      saegor_arrival_miasma, corexii_hall_statues_l
D:2:      wad_lake_hut, first_ration, lightli_corner_chamber, uniq_sigmund
D:3:      hangedman_decor_lopped
D:4:      nicolae_dithmenos_shadow_blocks, cheibriados_altar_1,
          marbit_many_paths, fountainhead, minmay_ruptured, uniq_natasha
D:5:      lemuel_crystal_altar, uniq_edmund
D:6:      grunt_qazlal_clouds, minivault_4, minmay_divided_ellipse

Skill      XL: |  1  2  3  4  5  6  7  8 |
---------------+-------------------------+-----
Maces & Flails | 3 4 5 6 |  6.3
Fighting       | 3 4 5 |  5.2
Dodging        | 3 4 5 |  5.2
Throwing       | 2 3 4 |  4.1
Stealth        | |  0.2

Action                   |  1- 3 |  4- 6 |  7- 9 || total
-------------------------+-------+-------+-------++-------
Melee: Mace              |   148 |    30 |       ||   178
       Flail             |       |   162 |   179 ||   341
Invok: Berserk           |     2 |     2 |     5 ||     9
       Trog's Hand       |       |       |     1 ||     1
  Use: Scroll            |       |     1 |     6 ||     7
       Potion            |       |       |     2 ||     2
 Stab: Sleeping          |       |     2 |     2 ||     4
  Eat: Chunk             |    19 |    16 |    23 ||    58
Armor: Animal skin       |    95 |    86 |    75 ||   256
       Skin              |       |       |    39 ||    39
Dodge: Dodged            |   114 |   106 |   102 ||   322

Table legend:
 A = Spawn XP
 B = Non-spawn XP
 C = Spawn XP percentage of total XP
 D = Spawn monster count
 E = Non-spawn monster count
 F = Spawn count percentage of total count
 G = Total turns spent on level
                    A         B        C        D         E        F      G
               +---------+---------+-------+---------+---------+-------+---------
         Total |       0 |    2432 |   0.0 |       0 |     122 |   0.0 |  4597
               +---------+---------+-------+---------+---------+-------+---------
           D:1 |       0 |      44 |   0.0 |       0 |      25 |   0.0 |   548
           D:2 |       0 |     278 |   0.0 |       0 |      24 |   0.0 |  1044
           D:3 |       0 |     105 |   0.0 |       0 |      28 |   0.0 |   663
           D:4 |       0 |     290 |   0.0 |       0 |      13 |   0.0 |  1157
           D:5 |       0 |     942 |   0.0 |       0 |      18 |   0.0 |   772
           D:6 |       0 |     773 |   0.0 |       0 |      14 |   0.0 |   413
               +---------+---------+-------+---------+---------+-------+---------
